 Dungeon Crawl Stone Soup version 0.20.1-1-g8b1a95d (console) character file.

226 hilaritas the Covert (level 6, -5/39 HPs)
             Began as an Octopode Assassin on July 30, 2017.
             Splashed by a jelly's acid (7 damage)
             ... on level 3 of the Dungeon.
             The game lasted 00:03:09 (1601 turns).

hilaritas the Covert (Octopode Assassin)            Turns: 1601, Time: 00:03:09

Health: -5/39      AC: -7    Str: 10    XL:     6   Next: 1%
Magic:  6/6        EV: 13    Int: 18    God:
Gold:   139        SH:  0    Dex: 16    Spells: 5/5 levels left

rFire    . . .     SeeInvis .   a - +2 dagger
rCold    . . .     Gourm    .   (no shield)
rNeg     . . .     Faith    .   (helmet restricted)
rPois    .         Spirit   .   (no amulet)
rElec    .         Reflect  .   l - ring of protection from magic
rCorr    .         Harm     .   (no ring)
MR       +....                  (no ring)
Stlth    +++++.....             (no ring)
Regen    0.2/turn               (no ring)
MPRegen  0.1/turn               (no ring)
                                (no ring)
                                (no ring)

@: brilliant, corroded
A: almost no armour, stealthy swim, amphibious, 8 rings, constrict 8, camouflage
1, gelatinous body 1
a: no special abilities


You were on level 3 of the Dungeon.
You were very hungry.

You visited 1 branch of the dungeon, and saw 3 of its levels.

You collected 139 gold pieces.

Inventory:

Hand Weapons
 a - a +2 dagger (weapon)
 b - a +0 blowgun
 e - a +0 dagger
Missiles
 c - 21 poisoned needles
 d - 2 curare-tipped needles
Jewellery
 l - a ring of protection from magic (left tentacle)
 r - an uncursed ring of ice
Scrolls
 h - 4 scrolls of teleportation {unknown}
 j - a scroll of enchant weapon {unknown}
 k - 2 scrolls of amnesia {unknown}
 n - a scroll of blinking {unknown}
 p - 2 scrolls of identify {unknown}
 v - a scroll of enchant armour {unknown}
Potions
 o - a potion of mutation {unknown}
 q - a potion of might {unknown}
 t - a potion of curing {unknown}
 u - a potion of degeneration {unknown}
Comestibles
 f - 2 bread rations
 g - a royal jelly
 s - a meat ration


   Skills:
 - Level 2.0 Fighting
 * Level 4.2 Short Blades
 - Level 2.0 Throwing
 - Level 1.0 Dodging
 + Level 8.1 Stealth


You had 5 spell levels left.
You didn't know any spells.

Dungeon Overview and Level Annotations

Branches:
Dungeon (3/15)

Altars:


Innate Abilities, Weirdness & Mutations

You cannot wear most types of armour.
You are very stealthy in the water. (Stealth+)
You are amphibious.
You can wear up to eight rings at the same time.
You can use your tentacles to constrict eight enemies at once.
Your skin changes colour to match your surroundings (Stealth+).
Your rubbery body absorbs attacks. (AC +1, EV +1)


Message History

You feel agile. The jelly hits you.
You are splashed with acid!
The acid burns!
You see here a kobold corpse.
You hit the jelly.
Your tentacles burn!
The jelly is moderately wounded.
The jelly hits you. The acid corrodes you!
You are splashed with acid!
The acid burns!
* * * LOW HITPOINT WARNING * * *
You barely miss the jelly. Your squeeze misses the jelly.
The jelly is moderately wounded.
The jelly hits you.
* * * LOW HITPOINT WARNING * * *
The acid corrodes you!
You are splashed with acid!
The acid burns!
* * * LOW HITPOINT WARNING * * *
It was a potion of brilliance.
You feel clever all of a sudden. The jelly hits you.
* * * LOW HITPOINT WARNING * * *
You are splashed with acid!
The acid burns!
You die...

##########
#......J.[
#.÷÷PJ..PJ
#÷....PJ.J
#.P÷÷.P÷P.
#...÷.P.P.
#.P÷J..J..
##J#######
##@.....##
########.#
#....'..##
#....####
#.......#
#.......#
#.......#
#.......#
##.....##


You could see a jelly.

Vanquished Creatures
  The ghost of bmj180 the Covered, an amateur HuFi (D:3)
  2 jellies (D:3)
  3 adders (D:2)
  3 oozes (D:3)
  A worm (D:2)
  A leopard gecko (D:2)
  A giant cockroach (D:3)
  6 goblins
  5 hobgoblins
  10 kobolds
  3 bats
  2 frilled lizards
  6 rats
44 creatures vanquished.

Vanquished Creatures (others)
  5 toadstools (D:3)
5 creatures vanquished.

Grand Total: 49 creatures vanquished

Notes
Turn   | Place    | Note
-------+----------+-------------------------------------------
     0 | D:1      | hilaritas the Octopode Assassin began the quest for the Orb.
     0 | D:1      | Reached XP level 1. HP: 14/14 MP: 1/1
    58 | D:1      | Reached XP level 2. HP: 19/19 MP: 2/2
   201 | D:1      | Reached skill level 6 in Stealth
   671 | D:2      | Reached XP level 3. HP: 21/24 MP: 3/3
   988 | D:2      | Reached XP level 4. HP: 29/29 MP: 4/4
  1170 | D:3      | Noticed bmj180's ghost (amateur HuFi)
  1191 | D:3      | Killed bmj180's ghost
  1191 | D:3      | Reached skill level 7 in Stealth
  1191 | D:3      | Reached XP level 5. HP: 5/34 MP: 5/5
  1589 | D:3      | Reached skill level 8 in Stealth
  1597 | D:3      | Reached XP level 6. HP: 33/39 MP: 6/6
  1601 | D:3      | Splashed by a jelly's acid

Skill      XL: |  1  2  3  4  5 |
---------------+----------------+-----
Stealth        | 6 7 8 |  8.1
Short Blades   | 3 4 |  4.2
Fighting       | |  2.0
Throwing       | |  2.0
Dodging        | |  1.0

Action                   |  1- 3 |  4- 6 || total
-------------------------+-------+-------++-------
Melee: Dagger            |    54 |    48 ||   102
       Constrict         |    13 |     4 ||    17
       Tentacles         |     4 |    11 ||    15
  Use: Potion            |       |     2 ||     2
 Stab: Sleeping          |    10 |     5 ||    15
  Eat: Chunk             |       |     1 ||     1
Armor: Skin              |     4 |     2 ||     6
Dodge: Dodged            |    39 |    20 ||    59
